 Dungeon Crawl Stone Soup version 0.32-a0-834-geaf45d8e21 (webtiles) character file.

Game seed: 12737189822577744864

177 CapturedSunlight the Ruffian (level 5, -5/60 HPs)
             Began as a Draconian Shapeshifter on Mar 25, 2024.
             Slain by Pikel
             ... wielding a +1 whip of electrocution
              (17 damage)
             ... on level 4 of the Dungeon.
             The game lasted 00:02:52 (2077 turns).

CapturedSunlight the Ruffian (DrSh)                 Turns: 2077, Time: 00:02:53

Health: -5/60      AC: 22    Str: 16    XL:     5   Next: 31%
Magic:  5/5        EV:  2    Int: 11    God:
Gold:   108        SH:  0    Dex: 12    Spells: 4/4 levels left

rFire   . .          .
                       - Unarmed
rCold   + . .        (no shield)
rNeg    + . .        (body armour unavailable)
rPois   +            (helmet currently unavailable)
rElec   .            (cloak currently unavailable)
rCorr   .            (gloves currently unavailable)
SInv    .            (boots currently unavailable)
Will    .....        (no amulet)
Stlth   +            m - ring of protection from cold
HPRegen 0.30/turn    q - ring of positive energy
MPRegen 0.09/turn

%: no passive effects
@: tree-form (expiring)
A: stationary, stasis, torment immunity, boosted hp, AC +5, unfitting armour,
(cold-blooded)
a: no special abilities


You were on level 4 of the Dungeon.
You were a tree.
You visited 1 branch of the dungeon, and saw 5 of its levels.

You collected 108 gold pieces.

Inventory:

Armour
 f - a scarf of invisibility
Jewellery
 m - a ring of protection from cold (left branch)
 q - a ring of positive energy (right branch)
Talismans
 b - a beast talisman (active)
 c - a flux talisman
Scrolls
 d - 2 scrolls of enchant weapon {unknown}
 e - 4 scrolls of identify {unknown}
 h - a scroll of revelation {unknown}
 i - a scroll of enchant armour {unknown}
 k - 4 scrolls of brand weapon {unknown}
 n - 2 scrolls of teleportation {unknown}
 o - a scroll of immolation {unknown}
 p - a scroll of fear {unknown}
 s - a scroll of noise {unknown}
Potions
 g - 4 potions of curing {unknown}
 j - a potion of might {unknown}
 l - a potion of brilliance {unknown}
 r - a potion of degeneration {unknown}
 t - a potion of enlightenment {unknown}


   Skills:
 - Level 1.1 Fighting
 - Level 1.7 Dodging
 + Level 4.8 Unarmed Combat
 + Level 4.5 Shapeshifting


You had 4 spell levels left.
You didn't know any spells.
Your spell library contained the following spells:

 Spells                   Type           Power      Damage    Failure   Level
 Sting                    Conj/Alch      0%         1d3       34%         1
 Mercury Vapours          Alch/Air       0%         N/A       47%         2
 Summon Ice Beast         Ice/Summ       0%         N/A       71%         3
 Olgreb's Toxic Radiance  Alch           0%         N/A       98%         4
 Summon Mana Viper        Hex/Summ       0%         N/A       100%        5
 Monstrous Menagerie      Summ           0%         N/A       100%        7


Dungeon Overview and Level Annotations

Branches:
Dungeon (5/15)
 Temple: D:4-7

Altars:
Gozag

Annotations:
D:4 Pikel


Innate Abilities, Weirdness & Mutations

You are a tree.
Your roots penetrate the ground, keeping you stationary.
You cannot be teleported.
You are immune to unholy pain and torment.
Your maximum health is greatly increased.
Your equipment is partially melded.
((Your plain brown scales are hard. (AC +5)))
You cannot fit into any form of body armour.
((You are cold-blooded and may be slowed by cold attacks.))


Message History

You are electrocuted!
You are too injured to fight recklessly!
You are too injured to fight recklessly!
You are too injured to fight recklessly!
You are too injured to fight recklessly!
You are too injured to fight recklessly!
You are too injured to fight recklessly!
You are too injured to fight recklessly!
You are too injured to fight recklessly!
You are too injured to fight recklessly!
You are too injured to fight recklessly!
You are too injured to fight recklessly!
You are too injured to fight recklessly!
You are too injured to fight recklessly!
You are too injured to fight recklessly!
You are too injured to fight recklessly!
Unknown command.
You smack Pikel!
Pikel is moderately wounded.
Pikel hits you with a +1 whip of electrocution.
You are electrocuted!
* * * LOW HITPOINT WARNING * * *
You hit Pikel but do no damage.
Pikel is moderately wounded.
Pikel hits you but does no damage.
You hit Pikel but do no damage.
Pikel is moderately wounded.
Pikel hits you but does no damage.
Unknown command.
You barely miss Pikel.
Pikel is moderately wounded.
Pikel hits you with a +1 whip of electrocution.
* * * LOW HITPOINT WARNING * * *
You hit Pikel.
Pikel is heavily wounded.
Pikel hits you with a +1 whip of electrocution.
* * * LOW HITPOINT WARNING * * *
You are electrocuted!
You die...
Pikel says, "Another soul for the market."

.# ## ... #.
#.. .## ##...
#.#
#.....###.##
........#♣.###
........K#...#
.........#..##
...##.......#
>. ###...#.###
# #..#.#...#
..###..#.## .#
#..#.# #....#


You could see Pikel.

Vanquished Creatures
  4 lemures (D:4)
  A scorpion (D:5)
  A hound (D:2)
  3 adders (D:2)
  A dart slug (D:1)
  A ball python (D:2)
  10 endoplasms
  A giant cockroach (D:2)
  4 goblins
  5 hobgoblins
  10 jackals (D:1)
  4 kobolds (D:1)
  4 quokkas
  4 bats
  3 frilled lizards
  4 rats
60 creatures vanquished.

Notes
Turn   | Place    | Note
-------+----------+-------------------------------------------
     0 | D:1      | CapturedSunlight the Draconian Shapeshifter began the quest
                  | for the Orb.
     0 | D:1      | Reached XP level 1. HP: 16/16 MP: 1/1
    41 | D:1      | Reached XP level 2. HP: 8/23 MP: 2/2
   478 | D:1      | Reached XP level 3. HP: 28/28 MP: 3/3
   894 | D:2      | Reached XP level 4. HP: 26/35 MP: 4/4
  1846 | D:3      | You fall into a shaft and drop 2 floors!
  1846 | D:5      | Entered Level 5 of the Dungeon
  1904 | D:5      | Found an opulent altar of Gozag.
  1904 | D:5      | Noticed a scorpion
  1915 | D:5      | Killed a scorpion
  1916 | D:5      | Reached XP level 5. HP: 24/40 MP: 5/5
  2034 | D:4      | Noticed a lemure
  2041 | D:4      | Noticed a lemure
  2041 | D:4      | Noticed a lemure
  2048 | D:4      | Killed a lemure
  2049 | D:4      | Noticed a lemure
  2054 | D:4      | Killed a lemure
  2061 | D:4      | Noticed Pikel
  2063 | D:4      | Killed a lemure
  2071 | D:4      | Killed a lemure
  2077 | D:4      | Slain by Pikel

Illustrated notes

Levels and vault maps discovered:
D:1:      saegor_arrival_under_anarchy, layout_rooms
D:2:      layout_basic, mrwooster_statue_mirror
D:3:      layout_loops_ring, nicolae_overflow_crystal_walls
D:4:      layout_layer_cave, nicolae_sif_muna_condensation,
          cheibrodos_worm_habitat, mainiacjoe_overflow_catwalk, uniq_sigmund,
          uniq_pikel, uniq_edmund, uniq_robin
D:5:      layout_rooms, grunt_dithmenos_smoke_and_mirrors, lemuel_crystal_altar,
          minivault_14, nicolae_figureground_pulse

Skill      XL: |  1  2  3 |
---------------+----------+-----
Unarmed Combat | 4 |  4.8
Shapeshifting  | 4 |  4.5
Fighting       | |  1.1
Dodging        | |  1.7

Action                     |  1- 3 |  4- 6 || total
---------------------------+-------+-------++-------
  Melee: Unarmed           |   114 |    90 ||   204
         Tailslap          |    14 |     8 ||    22
         Punch             |     3 |     1 ||     4
    Use: Potion            |       |     1 ||     1
   Stab: Sleeping          |     1 |     1 ||     2
 Armour: Skin              |    63 |    61 ||   124
  Dodge: Dodged            |    73 |    44 ||   117

Table legend: (Time is in decaauts)
 A = Elapsed time spent in this place.
 B = Non-inter-level travel time spent in this place.
 C = Inter-level travel time spent in this place.
 D = Time resting spent in this place.
 E = Time spent auto-exploring this place.
 F = Levels seen in this place.
 G = Mean time per level.
                   A        B        C        D        E       F      G
               +--------+--------+--------+--------+--------+-----+--------+
         Total |   2062 |   2001 |     61 |    159 |   1415 |   5 |  412.4 |
       Dungeon |   2062 |   2001 |     61 |    159 |   1415 |   5 |  412.4 |
               +--------+--------+--------+--------+--------+-----+--------+

Top non-repeatable levels by time:
     D:2: 1081 daAuts
     D:1: 722 daAuts
     D:4: 133 daAuts
     D:5: 94 daAuts
     D:3: 30 daAuts
